 Dungeon Crawl Stone Soup version 0.28.0 (console) character file.

Game seed: 16757937191812280338

12673 ryathie the Cleaver (level 11, -5/73 HPs)
             Began as a Gargoyle Fighter on Feb 16, 2022.
             Was a Believer of the Shining One.
             Killed by divine providence
             ... invoked by a meliai
              (12 damage)
             ... on level 2 of the Lair of Beasts.
             The game lasted 00:31:19 (7725 turns).

ryathie the Cleaver (Gargoyle Fighter)              Turns: 7725, Time: 00:31:20

Health: -5/73      AC: 22    Str: 20    XL:     11   Next: 97%
Magic:  11/11      EV: 10    Int:  9    God:    the Shining One [**....]
Gold:   634        SH: 10    Dex: 13    Spells: 10/10 levels left

rFire   + + +      SeeInvis .   a - +1 war axe
rCold   + . .      Faith    .   c - +0 buckler
rNeg    + + .      Spirit   .   m - +3 ring mail
rPois   ∞          Reflect  +   q - +1 helmet of the Elven Halls {rElec rF+ rCorr Stlth-}
rElec   +          Harm     .   J - +0 cloak "Mamma" {rC+}
rCorr   +          Rampage  .   r - +0 pair of gloves
Will    .....                   (no boots)
Stlth   ..........              I - amulet of reflection
HPRegen 0.22/turn               l - ring of protection from fire
MPRegen 0.12/turn               h - ring of protection from fire

@: about to teleport, glowing
A: sickness immunity, AC +8, negative energy resistance 1, electricity
resistance, torment resistance 1, petrification resistance
a: Renounce Religion, Divine Shield


You were on level 2 of the Lair of Beasts.
You worshipped the Shining One.
The Shining One was pleased with you.
You visited 3 branches of the dungeon, and saw 14 of its levels.

You collected 1182 gold pieces.
You spent 548 gold pieces at shops.

Inventory:

Hand Weapons
 a - a +1 war axe (weapon)
 z - a +0 hand axe of flaming
Missiles
 v - 4 curare-tipped darts (quivered)
 D - a poisoned dart
 H - 4 throwing nets
Armour
 c - a +0 buckler (worn)
 m - a +3 ring mail (worn)
 q - the +1 helmet of the Elven Halls (worn) {rElec rF+ rCorr Stlth-}
   (You bought it in a shop on level 8 of the Dungeon)

   rF:        It protects you from fire.
   rElec:     It insulates you from electricity.
   rCorr:     It protects you from acid and corrosion.
   Stlth:     It makes you less stealthy.
 r - a +0 pair of gloves (worn)
 y - a +0 chain mail
 J - the +0 cloak "Mamma" (worn) {rC+}
   (You found it on level 10 of the Dungeon)

   rC:        It protects you from cold.
Jewellery
 h - a ring of protection from fire (right hand)
 l - a ring of protection from fire (left hand)
 I - an amulet of reflection (around neck)
Wands
 t - a wand of flame (24)
 u - a wand of polymorph (8)
 A - a wand of paralysis (4)
 F - a wand of iceblast (4)
Scrolls
 b - 4 scrolls of amnesia
 e - a scroll of enchant armour
 f - a scroll of teleportation
 s - a scroll of fog
 x - a scroll of holy word
 E - a scroll of enchant weapon
Potions
 d - 2 potions of might
 g - a potion of flight
 i - 2 potions of lignification
 j - a potion of curing
 k - 2 potions of mutation
 n - 4 potions of haste
 o - 2 potions of ambrosia
 p - 2 potions of berserk rage
 w - 3 potions of attraction
 G - 2 potions of resistance


   Skills:
 + Level 10.4 Fighting
 + Level 12.5 Axes
 - Level 2.0 Throwing
 - Level 7.0 Armour
 - Level 5.0 Shields
 - Level 6.0 Evocations


You had 10 spell levels left.
You didn't know any spells.
Your spell library contained the following spells:

 Spells                   Type           Power      Damage    Failure   Level
 Sandblast                Erth           0%         2d4       63%         1
 Passwall                 Tmut/Erth      0%         N/A       77%         2
 Stone Arrow              Conj/Erth      0%         3d7       94%         3
 Dispersal                Tloc           0%         N/A       100%        6
 Disjunction              Tloc           0%         N/A       100%        8


Dungeon Overview and Level Annotations

Branches:
Dungeon (11/15)            Temple (1/1) D:4            Lair (2/6) D:11
 Spider (0/4) Lair:2          Orc (0/2) D:10
  Swamp: Lair:2-4    Shoals: Lair:2-4

Altars:
Ashenzari
Cheibriados
Dithmenos
Elyvilon
Fedhas
Gozag
Hepliaklqana
Kikubaaqudgha
Makhleb
Nemelex Xobeh
Okawaru
Qazlal
Ru
Sif Muna
Trog
Uskayaw
Vehumet
Wu Jian
Xom
Yredelemnul
Zin
The Shining One

Shops:
D:8 [

Annotations:
D:2 Sigmund
D:5 Edmund
D:10 2 transporters, experimilk's ghost, journeyman DrCj
Lair:1 2 transporters


Innate Abilities, Weirdness & Mutations

You are immune to sickness and miasma.
Your stone body is resilient. (AC +8)
You are immune to poison.
You resist negative energy. (rN+)
You are resistant to electric shocks. (rElec)
You are resistant to unholy torment.
You are immune to petrification.


Message History

A killer bee comes into view.
The killer bee buzzes angrily.
A meliai comes into view.
It is wielding a +0 war axe and wearing a +2 robe of willpower.
The killer bee moves out of view.
The meliai moves out of view.
Found a hole to the Spider Nest.
The meliai buzzes angrily.
A killer bee comes into view. x2
The meliai invokes the aid of its god against something.
Something smites you!
The killer bee moves out of view.
You hear an angry buzzing noise.
Press: ? - help, v - describe, . - travel An iron grate.
Found a book of Flames.
The meliai calls down the wrath of its god upon you.
Something smites you!
Aiming: Paralyse
Press: ? - help, Shift-Dir - straight line, f - komodo dragon
Aim: a komodo dragon (haloed, chance to affect: 47%)
Okay, then.
Aiming: Paralyse
Press: ? - help, Shift-Dir - straight line, f - meliai
Aim: a meliai, wielding a +0 war axe and wearing a +2 robe of willpower (haloed, chance to affect: 29%)
The meliai easily resists.
The meliai invokes the aid of its god against you.
Something smites you!
* * * LOW HITPOINT WARNING * * *
Okay, then.
As you read the scroll of teleportation, it crumbles to dust.
You feel strangely unstable. The meliai hits you with a +0 war axe!
* * * LOW HITPOINT WARNING * * *
You block the meliai's attack. The meliai hits you with a +0 war axe.
* * * LOW HITPOINT WARNING * * *
You block the meliai's attack. The komodo dragon bites you!
The Shining One protects you from harm!
Okay, then.
The bullfrog closely misses you. The meliai hits you but does no damage.
The meliai stings you but does no damage.
The meliai invokes the aid of its god against you.
Something smites you!
You die...

......# .... ...... .... ..
#....#..... ... ....#.....
.## #P+###.........
.:.##..#.#.........
.............P.....
...........@..#...
..........yFy...... ........
........l........... .......
.................... .......
............................
..#.P..P..P.....##PP.P......
..........P...........#.....
..#.............#.....#.....
. #.......P............<....


You could see a komodo dragon, a meliai, a bullfrog and a killer bee.

Vanquished Creatures
  2 hydras
  Harold (D:10)
  3 two-headed ogres
  Pikel (D:4)
  An orc knight (D:10)
  A cyclops (D:9)
  A black mamba (Lair:1)
  Joseph (D:9)
  A cane toad (Lair:2)
  A komodo dragon (Lair:2)
  3 blink frogs (Lair:1)
  A vampire (D:10)
  11 yaks
  A warg (D:10)
  An acid dragon (D:9)
  4 water moccasins
  3 orc warriors
  A hornet zombie (D:8)
  2 ice beasts
  An ogre (D:5)
  2 necrophages
  4 wolves (Lair:2)
  A centaur (D:6)
  2 bullfrogs
  A gnoll sergeant (D:7)
  A wyvern zombie (D:9)
  6 killer bees (D:9)
  4 jellies
  5 wights (D:6)
  An electric eel (Lair:2)
  8 howler monkeys
  4 centaur zombies
  2 bullfrog skeletons
  2 orc priests
  2 centaur skeletons
  A gnoll shaman (D:10)
  An iguana (D:4)
  12 orc wizards
  2 hound skeletons (D:4)
  3 howler monkey zombies (D:7)
  12 gnolls
  7 adders
  A white imp (D:7)
  A worm (D:4)
  38 orcs
  4 endoplasms
  2 giant cockroaches
  10 goblins
  13 hobgoblins
  4 ball pythons
  2 bats
  A frilled lizard (D:3)
  11 kobolds
  A rat (D:1)
212 creatures vanquished.

Vanquished Creatures (others)
  20 fungi
  10 plants
30 creatures vanquished.

Grand Total: 242 creatures vanquished

Notes
Turn   | Place    | Note
-------+----------+-------------------------------------------
     0 | D:1      | ryathie the Gargoyle Fighter began the quest for the Orb.
     0 | D:1      | Reached XP level 1. HP: 14/14 MP: 1/1
    18 | D:2      | Noticed Sigmund
   133 | D:1      | Reached skill level 2 in Axes
   143 | D:1      | Reached XP level 2. HP: 14/19 MP: 2/2
   531 | D:4      | Reached XP level 3. HP: 23/24 MP: 3/3
   554 | D:4      | Reached XP level 4. HP: 30/30 MP: 4/4
   570 | D:4      | Reached skill level 3 in Axes
   583 | D:4      | Found a staircase to the Ecumenical Temple.
   591 | D:4      | Noticed a lemure
   591 | D:4      | Noticed Pikel
   593 | D:4      | Noticed a lemure
   593 | D:4      | Noticed a lemure
   624 | D:4      | Killed Pikel
   625 | D:4      | Reached skill level 5 in Axes
   625 | D:4      | Reached XP level 5. HP: 16/37 MP: 5/5
   625 | D:4      | Reached XP level 6. HP: 18/42 MP: 6/6
   625 | D:4      | Reached XP level 7. HP: 20/47 MP: 7/7
   738 | Temple   | Entered the Ecumenical Temple
   937 | D:5      | Entered Level 5 of the Dungeon
   943 | D:5      | Found an ornate altar of the Wu Jian Council.
  1489 | D:3      | Identified a scroll of acquirement
  1489 | D:3      | Acquired 768 gold pieces
  1704 | D:3      | Found a sparkling altar of Nemelex Xobeh.
  2122 | D:5      | Reached skill level 6 in Axes
  2155 | D:5      | Reached skill level 1 in Throwing
  2167 | D:5      | Reached XP level 8. HP: 44/53 MP: 8/8
  2295 | D:6      | Noticed Edmund
  2318 | D:6      | Found an ancient bone altar of Kikubaaqudgha.
  2944 | D:5      | Reached skill level 7 in Axes
  3297 | D:6      | Found a hide-covered altar of Uskayaw.
  3489 | D:6      | Found a radiant altar of Vehumet.
  3795 | D:7      | Found a glowing golden altar of the Shining One.
  3800 | D:7      | Became a worshipper of the Shining One
  3910 | D:7      | Found a white marble altar of Elyvilon.
  3984 | D:7      | Reached skill level 8 in Axes
  3984 | D:7      | Reached skill level 5 in Armour
  3984 | D:7      | Reached XP level 9. HP: 57/57 MP: 9/9
  4028 | D:7      | Reached skill level 1 in Evocations
  4605 | D:8      | Found Ownen's Armour Emporium.
  4649 | D:8      | Reached * piety under the Shining One
  4746 | D:8      | Bought the +1 helmet of the Elven Halls {rElec rF+ rCorr
                  | Stlth-} for 485 gold pieces
  4751 | D:8      | Bought a +0 pair of gloves for 63 gold pieces
  4800 | D:9      | Noticed a two-headed ogre
  4812 | D:9      | Killed a two-headed ogre
  4813 | D:9      | Reached skill level 9 in Axes
  4817 | D:9      | Noticed Joseph
  4822 | D:10     | Entered Level 10 of the Dungeon
  5044 | D:9      | Killed Joseph
  5045 | D:9      | Reached skill level 10 in Axes
  5045 | D:9      | Reached XP level 10. HP: 57/63 MP: 10/10
  5170 | D:10     | Found a transporter.
  5175 | D:10     | Noticed a deep troll
  5179 | D:10     | Noticed experimilk's ghost (journeyman DrCj)
  5194 | D:10     | Noticed a moth of wrath
  5210 | D:10     | Found a bloodstained altar of Trog.
  5265 | D:10     | Found a transporter.
  5365 | D:9      | Noticed a two-headed ogre
  5398 | D:9      | Killed a two-headed ogre
  5588 | D:9      | Found a sacrificial altar of Ru.
  5627 | D:9      | Noticed a cyclops
  5641 | D:9      | Killed a cyclops
  5642 | D:9      | Reached skill level 11 in Axes
  5642 | D:9      | Reached skill level 5 in Shields
  6222 | D:10     | Noticed a two-headed ogre
  6245 | D:10     | Killed a two-headed ogre
  6510 | D:10     | Noticed Harold
  6532 | D:10     | Killed Harold
  6533 | D:10     | Reached XP level 11. HP: 44/68 MP: 11/11
  6634 | D:10     | Found a staircase to the Orcish Mines.
  6636 | D:10     | Noticed an orc knight
  6685 | D:10     | Killed an orc knight
  6791 | D:10     | Identified the +0 cloak "Mamma" {rC+}
  6822 | D:10     | Found a shimmering blue altar of Sif Muna.
  6884 | D:11     | Reached ** piety under the Shining One
  6904 | D:11     | Found a staircase to the Lair.
  6909 | Lair:1   | Entered Level 1 of the Lair of Beasts
  6951 | Lair:2   | Reached skill level 5 in Evocations
  7022 | Lair:2   | Noticed a six-headed hydra
  7053 | Lair:2   | Killed a one-headed hydra
  7062 | Lair:2   | Reached skill level 12 in Axes
  7318 | Lair:1   | Noticed a four-headed hydra
  7331 | Lair:1   | Killed a one-headed hydra
  7575 | Lair:1   | Found a transporter.
  7605 | Lair:1   | Reached skill level 10 in Fighting
  7660 | Lair:1   | Found a transporter.
  7713 | Lair:1   | You fall into a shaft and drop 1 floor!
  7715 | Lair:2   | Found a hole to the Spider Nest.
  7723 | Lair:2   | The Shining One protects you from harm!
  7725 | Lair:2   | Killed from afar by a meliai

Illustrated notes

Levels and vault maps discovered:
D:1:      scummos_arrival_simple_fountains, layout_basic,
          shapermc_ecumenical_altar_rom_forum
D:2:      layout_loops_ring, uniq_sigmund
D:3:      layout_basic, mainiacjoe_overflow_chevrons, solitary_fountain,
          chequers_serial_rivers_micro_b, minmay_misc_feat_chi
D:4:      layout_basic, temple_pool_b, uniq_pikel
D:5:      corexii_shantytown, layout_basic, mainiacjoe_overflow_paths
D:6:      layout_loops_cross, vehumet_crystals,
          mainiacjoe_overflow_catch_the_wave, uniq_edmund
D:7:      layout_loops_ring, tso_metal_star, mainiacjoe_overflow_brackets,
          minmay_misc_feat_roman, corexii_leaking_fountain
D:8:      layout_basic, serial_shops, nicolae_shop_hallway_stairs
D:9:      layout_loops_corners, nicolae_ru_sacrificial_ziggurat,
          lightli_minifort, uniq_joseph
D:10:     layout_basic, mainiacjoe_overflow_24_doors, david_orc_2,
          gammafunk_ghost_wrathful_warriors, uniq_harold
D:11:     layout_stronghold, lair_entry_dummy, serial_shops, nicolae_shop_stone,
          okawaru_gym_becter
Temple:   dshaligram_water_room_temple
Lair:1:   gammafunk_cloud_chamber, layout_long_grid,
          chequers_serial_rivers_micro_c, infiniplex_staircase_pool_2,
          uniq_maggie
Lair:2:   layout_regular_city, hellmonk_spider_entry_not_the_bees,
          infiniplex_staircase_pool

Skill      XL: |  1  2  3  4  5  6  7  8  9 10 11 |
---------------+----------------------------------+-----
Axes           | 2 5 6 8 10 11 12 | 12.5
Fighting       | 4 6 7 8 10 | 10.4
Throwing       | 1 2 |  2.0
Armour         | 5 7 |  7.0
Evocations     | 2 4 6 |  6.0
Shields        | 5 |  5.0

Action                   |  1- 3 |  4- 6 |  7- 9 | 10-12 || total
-------------------------+-------+-------+-------+-------++-------
Melee: War axe           |    33 |    15 |   495 |   348 ||   891
       Hand axe          |       |       |       |    13 ||    13
Throw: Dart              |       |       |     7 |     6 ||    13
Evoke: Wand              |       |       |     5 |     3 ||     8
  Use: Scroll            |       |     1 |    15 |     3 ||    19
       Potion            |       |     1 |       |     3 ||     4
Armor: Scale mail        |    17 |     8 |    15 |       ||    40
       Ring mail         |       |       |   250 |   157 ||   407
       Skin              |       |       |       |    23 ||    23
Dodge: Dodged            |    13 |     8 |   217 |   140 ||   378
Block: Buckler           |     8 |     7 |    93 |   122 ||   230
